 Dungeon Crawl Stone Soup version 0.21.1-1-g345015fe64 (webtiles) character file.

303 Oravi the Changer (level 6, 0/43 HPs)
             Began as a Merfolk Transmuter on Apr 13, 2018.
             Succumbed to Sigmund's poison
             ... while paralysed
             ... on level 4 of the Dungeon.
             The game lasted 00:10:57 (2332 turns).

Oravi the Changer (Merfolk Transmuter)              Turns: 2332, Time: 00:10:58

Health: 0/43       AC:  4    Str: 10    XL:     6   Next: 38%
Magic:  3/9        EV:  2    Int: 14    God:
Gold:   305        SH:  0    Dex: 15    Spells: 3/9 levels left

rFire    . . .     SeeInvis .     - Unarmed
rCold    + . .     Gourm    .   (no shield)
rNeg     . . .     Faith    .   b - +0 robe
rPois    .         Spirit   .   (no helmet)
rElec    .         Reflect  .   i - +0 cloak
rCorr    .         Harm     .   n - +0 pair of gloves
MR       .....                  (no boots)
Stlth    +.........             (no amulet)
HPRegen  0.14/turn              k - ring of protection from cold
MPRegen  0.11/turn              (no ring)

@: paralysed, lethally poisoned (0 -> -26), berserk cooldown, flying, very
slightly contaminated, slowed
A: change form in water, swift swim, stealthy swim
a: no special abilities


You were on level 4 of the Dungeon.
You were hungry.

You visited 1 branch of the dungeon, and saw 4 of its levels.

You collected 305 gold pieces.

Inventory:

Missiles
 a - 10 arrows
Armour
 b - a +0 robe (worn)
 i - a +0 cloak (worn)
 m - a cursed +0 leather armour
 n - a +0 pair of gloves (worn)
 p - a +0 helmet
Jewellery
 k - a ring of protection from cold (left hand)
Wands
 s - a wand of random effects (29)
Scrolls
 e - 4 scrolls of remove curse
Books
 c - a book of Changes

   Spells                             Type                      Level
   a - Beastly Appendage              Transmutation                1
   b - Sticks to Snakes               Transmutation                2
   c - Spider Form                    Transmutation/Poison         3
   d - Ice Form                       Ice/Transmutation            4
   e - Blade Hands                    Transmutation                5
Comestibles
 d - 5 rations
 g - 5 chunks of flesh


   Skills:
 + Level 1.1 Fighting
 + Level 4.1 Dodging
 + Level 5.0 Unarmed Combat
 - Level 2.0 Spellcasting
 * Level 5.5 Transmutations
 * Level 2.7 Poison Magic


You had 3 spell levels left.
You knew the following spells:

 Your Spells              Type           Power        Failure   Level  Hunger
a - Beastly Appendage     Tmut           ###...       2%          1    ##.....
b - Sticks to Snakes      Tmut           ###.....     3%          2    ###....
c - Spider Form           Tmut/Pois      ##........   13%         3    ####...


Dungeon Overview and Level Annotations

Branches:
Dungeon (4/15)
 Temple: D:4-7

Altars:
Uskayaw
Xom

Annotations:
D:3 Xenomina's ghost, amateur HuFi


Message History

There is a lethal amount of poison in your body!
There is a lethal amount of poison in your body!
There is a lethal amount of poison in your body!
* * * LOW HITPOINT WARNING * * *
You feel sick.
You feel a strong urge to attack something.
* * * LOW HITPOINT WARNING * * *
You feel sick.
Your transformation has ended.
Your +0 cloak unmelds from your body.
Your +0 pair of gloves unmelds from your body.
Your +0 robe unmelds from your body.
* * * LOW HITPOINT WARNING * * *
You feel sick.
You feel your anger nearly subside.
You are no longer berserk.
You pass out from exhaustion.
You feel yourself slow down.
* * * LOW HITPOINT WARNING * * *
You feel sick.
You die...

###############.#
#........@)......
#.########.......
#.# .......
######.####
.......
...........#
.......
#######.##.#
#####$.
#.##'##### .
#........#
###......# #.


There were no monsters in sight!

Vanquished Creatures
  Sigmund (D:4)
  A hound (D:4)
  A worker ant (D:4)
  A hound skeleton (D:4)
  An adder (D:2)
  2 oozes (D:1)
  4 worms
  A dart slug (D:1)
  2 leopard geckos (D:1)
  13 bats
  A giant cockroach (D:2)
  2 goblins
  6 hobgoblins
  A jackal (D:1)
  5 kobolds
  A quokka (D:3)
  A ball python (D:2)
  5 rats
49 creatures vanquished.

Notes
Turn   | Place    | Note
-------+----------+-------------------------------------------
     0 | D:1      | Oravi the Merfolk Transmuter began the quest for the Orb.
     0 | D:1      | Reached XP level 1. HP: 15/15 MP: 3/3
   168 | D:1      | Reached XP level 2. HP: 15/21 MP: 3/5
   507 | D:1      | Reached XP level 3. HP: 21/26 MP: 4/6
   550 | D:1      | Learned a level 2 spell: Sticks to Snakes
   557 | D:1      | Learned a level 3 spell: Spider Form
  1365 | D:2      | Reached XP level 4. HP: 31/32 MP: 3/7
  1634 | D:3      | Noticed Xenomina's ghost (amateur HuFi)
  1745 | D:3      | Found a hide-covered altar of Uskayaw.
  2224 | D:4      | Found a shimmering altar of Xom.
  2259 | D:4      | Reached skill level 1 in Poison Magic
  2259 | D:4      | Reached XP level 5. HP: 29/37 MP: 4/8
  2313 | D:4      | Noticed Sigmund
  2327 | D:4      | Killed Sigmund
  2327 | D:4      | Reached skill level 5 in Unarmed Combat
  2327 | D:4      | Reached skill level 5 in Transmutations
  2327 | D:4      | Reached XP level 6. HP: 12/43 MP: 2/9
  2331 | D:4      | HP: 2/43 [poisoned by Sigmund]
  2332 | D:4      | Succumbed to Sigmund's poison

Skill      XL: |  1  2  3  4  5 |
---------------+----------------+-----
Dodging        | 3 4 |  4.1
Transmutations | 3 4 5 |  5.5
Unarmed Combat | 4 5 |  5.0
Poison Magic   | 1 2 |  2.7
Fighting       | |  1.1
Spellcasting   | |  2.0

Action                   |  1- 3 |  4- 6 || total
-------------------------+-------+-------++-------
Melee: Unarmed           |    96 |    60 ||   156
       Headbutt          |    10 |       ||    10
 Cast: Beastly Appendage |    11 |     1 ||    12
       Spider Form       |     9 |    13 ||    22
       Sticks to Snakes  |       |     2 ||     2
  Use: Scroll            |       |     5 ||     5
       Potion            |       |     3 ||     3
 Stab: Sleeping          |     1 |     1 ||     2
  Eat: Chunk             |     3 |     5 ||     8
Armor: Robe              |    11 |     1 ||    12
       Skin              |     1 |     3 ||     4
Dodge: Dodged            |    84 |    51 ||   135
